 Dungeon Crawl Stone Soup version 0.17-a0-1798-g879a7aa (webtiles) character file.

254 ololoev the Cudgeler (level 5, -6/61 HPs)
             Began as a Draconian Skald on Sept 10, 2015.
             Was an Initiate of Yredelemnul.
             Mangled by an ogre
             ... wielding a +0 giant club
              (9 damage)
             ... on level 4 of the Dungeon.
             The game lasted 00:07:44 (4375 turns).

ololoev the Cudgeler (Draconian Skald)              Turns: 4375, Time: 00:07:44

Health: -6/61      AC: 22    Str: 15    XL:     5   Next: 90%
Magic:  4/8        EV:  2    Int: 12    God:    Yredelemnul [......]
Gold:   209        SH:  0    Dex: 11    Spells: 2 memorised, 5 levels left

rFire  . . .     SeeInvis .     a - +0 mace
rCold  . . .     Clarity  .     (armour unavailable)
rNeg   + + +     SustAt   .     (no shield)
rPois  +         Gourm    .     (helmet currently unavailable)
rElec  .         Spirit   .     (cloak currently unavailable)
rCorr  +         Warding  .     (gloves currently unavailable)
rMut   .         NoTele   +     (boots currently unavailable)
MR     .....                    n - amulet of resist corrosion
Stlth  +.........               (no ring)
                                (no ring)

@: tree-form, infused, not resistant to hostile enchantments, very unstealthy
A: unfitting armour, (cold-blooded), AC +5
a: Renounce Religion


Innate Abilities, Weirdness & Mutations

((Your plain brown scales are hard (AC +5).))
Your body does not fit into most forms of armour.
((You are cold-blooded and may be slowed by cold attacks.))

Inventory:

Hand weapons
 a - a +0 mace (weapon)
Armour
 q - a +0 pair of boots (melded)
Jewellery
 m - an uncursed ring of flight {unknown}
 n - an amulet of resist corrosion (around neck)
 v - a +3 ring of dexterity {unknown}
Magical devices
 w - a wand of polymorph (0)
Scrolls
 e - 2 scrolls of immolation
 p - a scroll of teleportation {unknown}
 t - 2 scrolls of enchant weapon {unknown}
 u - a scroll of fog {unknown}
 x - a scroll of enchant armour {unknown}
Potions
 d - 3 potions of flight {unknown}
 g - 3 potions of heal wounds {unknown}
 i - a potion of curing
 j - a potion of magic {unknown}
 k - a potion of brilliance {unknown}
 l - 2 potions of cancellation
 s - 2 potions of might
 z - a potion of lignification {unknown}
Books
 b - a book of Battle

   Spells                             Type                      Level
   a - Infusion                       Charms                       1
   b - Shroud of Golubria             Charms/Translocation         2
   c - Song of Slaying                Charms                       2
   d - Spectral Weapon                Hexes/Charms                 3
   e - Regeneration                   Charms/Necromancy            3
Comestibles
 c - 3 bread rations
 f - a beef jerky
 h - 5 meat rations
 o - 3 fruits
 r - a slice of pizza


   Skills:
 - Level 2.1 Fighting
 + Level 6.2 Maces & Flails
 - Level 1.3 Dodging
 - Level 2.0 Spellcasting
 - Level 2.6 Charms
 + Level 0.0 Invocations


You had 5 spell levels left.
You knew the following spells:

 Your Spells              Type           Power        Failure   Level  Hunger
a - Infusion              Chrm           #.....       12%         1    ##.....
b - Song of Slaying       Chrm           #.......     14%         2    ###....


You were on level 4 of the Dungeon.
You worshipped Yredelemnul.
Yredelemnul was noncommittal.
You were very hungry.
You were a tree.
You visited 1 branch of the dungeon, and saw 4 of its levels.

You collected 249 gold pieces.
You spent 40 gold pieces at shops.

######## ####
#......# ######
#.... #.####>#
#....^
#.....##.####.#
#.....
......O♣...##.#
#.....
#.....##.#.##.#
#..... #....
##.#.##.## #.....
#### #........#
###.##
#(.......######.#
#.##.##..##.....#
#.##.##..##.###<#
#.##.##..##>###.#
##.##.##.......∩.##

Notes
Turn   | Place    | Note
--------------------------------------------------------------
     0 | D:1      | ololoev the Draconian Skald began the quest for the Orb.
     0 | D:1      | Reached XP level 1. HP: 17/17 MP: 3/3
   342 | D:1      | Reached XP level 2. HP: 19/24 MP: 5/5
   346 | D:1      | Learned a level 2 spell: Song of Slaying
   689 | D:2      | Reached skill level 3 in Maces & Flails
  1018 | D:2      | Reached XP level 3. HP: 12/29 MP: 1/6
  1519 | D:2      | Reached skill level 4 in Maces & Flails
  2006 | D:2      | Reached XP level 4. HP: 19/36 MP: 0/7
  2495 | D:3      | Reached skill level 5 in Maces & Flails
  2938 | D:3      | Reached XP level 5. HP: 36/41 MP: 4/8
  3377 | D:4      | Found Hoecre's Jewellery Shoppe.
  4014 | D:4      | Reached skill level 6 in Maces & Flails
  4182 | D:4      | Found Vienlugu's Distillery.
  4190 | D:4      | Bought a potion of might for 40 gold pieces
  4229 | D:4      | Found a basalt altar of Yredelemnul.
  4232 | D:4      | Found a glowing golden altar of the Shining One.
  4236 | D:4      | Noticed a profane servitor
  4254 | D:4      | Became a worshipper of Yredelemnul the Dark
  4365 | D:4      | Noticed an ogre
  4373 | D:4      | HP: 3/61 [ogre/giant club (13)]
  4375 | D:4      | Mangled by an ogre

Dungeon Overview and Level Annotations

Branches:
Dungeon (4/15)
 Temple: D:4-7

Altars:
Yredelemnul
The Shining One

Shops:
D:4 !=


Message History

There is a stone staircase leading down here.
Found a stone staircase leading down.
An ogre comes into view. It is wielding a giant club.
The ogre shouts!
Evoke which item? (* to show all) (? for menu, Esc to quit)
Zapping:
w - a wand of polymorph {zapped: 5} (will waste charges)
Press: ? - help, Shift-Dir - straight line, f - you Really target yourself?
You turn into a tree.
Your +0 pair of boots melds into your body.
Your roots penetrate the ground.
Evoking this partially-identified wand wasted a few charges.
Casting: Infusion
Confirm with . or Enter, or press ? or * to list all spells.
You begin infusing your attacks with magical energy.
You hit the ogre.
The ogre is moderately wounded.
The ogre hits you with a giant club.
You barely miss the ogre.
The ogre is moderately wounded.
The ogre hits you with a giant club!
You hit the ogre.
The ogre is heavily wounded.
The ogre hits you but does no damage.
You barely miss the ogre.
The ogre is heavily wounded.
The ogre hits you with a giant club!
You hit the ogre!
The ogre is severely wounded.
The ogre hits you with a giant club!
You hit the ogre.
The ogre is almost dead.
The ogre hits you with a giant club!
You barely miss the ogre.
The ogre is almost dead.
You barely miss the ogre.
The ogre is almost dead.
The ogre hits you with a giant club!
You die...
Your body rises from the dead as a mindless zombie.

You could see an ogre.

Vanquished Creatures
  An orc priest (D:3)
  A hound (D:4)
  2 worker ants (D:4)
  4 gnolls (D:2)
  5 adders
  2 oozes
  3 orcs (D:3)
  A ball python (D:3)
  5 giant cockroaches
  6 goblins
  5 hobgoblins
  6 kobolds
  A quokka (D:3)
  7 bats
  A giant gecko skeleton (D:4)
  3 giant newts
  6 rats
59 creatures vanquished.

Action                   |  1- 3 |  4- 6 || total
-------------------------+-------+-------++-------
Melee: Mace              |    92 |   126 ||   218
       Unarmed           |       |     4 ||     4
 Cast: Song of Slaying   |     2 |     2 ||     4
       Infusion          |     4 |    10 ||    14
Evoke: Wand              |       |     3 ||     3
  Use: Scroll            |       |     5 ||     5
 Stab: Sleeping          |       |     1 ||     1
  Eat: Chunk             |     3 |     7 ||    10
       Fruit             |     1 |       ||     1

Vault maps used:
D:1:      dpeg_chamrin_arrival_tetris
D:3:      first_bread
D:4:      grunt_temple_overflow_holy_war, kennysheep_little_box,
          gammafunk_temple_overflow_elements, kennysheep_mini_moat,
          serial_shops, shop, shop, shop, shop, nicolae_shop_stone
